 Dungeon Crawl Stone Soup version 0.32-a0-999-gfa1cc04b1d (webtiles) character file.

Game seed: 5663353389610456781

943 adelrune the Sneak (level 7, 0/32 HPs)
             Began as a Spriggan Enchanter on Apr 23, 2024.
             Was an Initiate of Ru.
             Killed from afar by a white imp (10 damage)
             ... with a puff of frost
             ... on level 6 of the Dungeon on Apr 25, 2024.
             The game lasted 00:17:35 (5091 turns).

adelrune the Sneak (Spriggan Enchanter)             Turns: 5091, Time: 00:17:35

Health: 0/32       AC:  3    Str:  4    XL:     7   Next: 88%
Magic:  20/23      EV: 16    Int: 19    God:    Ru [......]
Gold:   316        SH:  0    Dex: 15    Spells: 3/14 levels left

rFire   . . .        a - +2 dagger (venom)
rCold   . . .        (no shield)
rNeg    . . .        b - +0 robe
rPois   .            (helmet restricted)
rElec   .            k - +0 cloak
rCorr   +            (gloves unavailable)
SInv    +            (boots unavailable)
Will    +....        m - amulet of regeneration
Stlth   ++++         o - ring of resist corrosion
HPRegen 1.05/turn    t - ring of magical power
MPRegen 0.18/turn

%: no passive effects
@: confusing by touch, very quick
A: very small, no large weapons, unfitting armour, see invisible, speed 3
a: Renounce Religion


You were on level 6 of the Dungeon.
You worshipped Ru.
Ru was noncommittal.
You visited 1 branch of the dungeon, and saw 6 of its levels.

You collected 316 gold pieces.

Inventory:

Hand Weapons
 a - a +2 dagger of venom (weapon)
Armour
 b - a +0 robe (worn)
 k - a +0 cloak (worn)
Jewellery
 m - an amulet of regeneration (around neck)
 o - a ring of resist corrosion (left hand)
 t - a ring of magical power (right hand)
Talismans
 r - a maw talisman
Wands
 i - a wand of paralysis (14)
Scrolls
 d - 2 scrolls of noise {unknown}
 e - 9 scrolls of identify {unknown}
 h - a scroll of acquirement {unknown}
 n - 3 scrolls of teleportation {unknown}
 p - a scroll of fog {unknown}
 q - a scroll of amnesia {unknown}
 s - a scroll of revelation {unknown}
 u - a scroll of enchant armour {unknown}
 w - 2 scrolls of blinking {unknown}
 x - a scroll of vulnerability {unknown}
 y - a scroll of fear {unknown}
Potions
 c - a potion of invisibility
 f - 3 potions of heal wounds {unknown}
 g - 2 potions of berserk rage {unknown}
 j - 2 potions of curing {unknown}
 l - a potion of mutation {unknown}
 v - a potion of might {unknown}
 z - 2 potions of brilliance {unknown}
 A - a potion of haste {unknown}
 B - a potion of cancellation {unknown}
 C - a potion of enlightenment {unknown}


   Skills:
 + Level 4.4 Short Blades
 - Level 2.6 Dodging
 + Level 7.7 Stealth
 + Level 4.2 Spellcasting
 + Level 1.4 Conjurations
 - Level 7.0 Hexes
 + Level 1.7 Air Magic
 + Level 2.1 Alchemy


You had 3 spell levels left.
You knew the following spells:

 Your Spells              Type           Power      Damage    Failure   Level
a - Ensorcelled Hibernat  Hex/Ice        34%        N/A       4%          2
b - Tukima's Dance        Hex            30%        N/A       2%          3
c - Confusing Touch       Hex            30%        N/A       2%          3
d - Mephitic Cloud        Conj/Alch/Air  10%        N/A       19%         3

Your spell library contained the following spells:

 Spells                   Type           Power      Damage    Failure   Level
 Jinxbite                 Hex            60%        N/A       1%          2
 Dazzling Flash           Conj/Hex       40%        N/A       7%          3
 Mercury Vapours          Alch/Air       22%        N/A       9%          2
 Apportation              Tloc           8%         N/A       14%         1
 Necrotise                Necr           16%        1d4       14%         1
 Teleport Other           Tloc           4%         N/A       38%         3
 Vampiric Draining        Necr           4%         2d6       38%         3
 Yara's Violent Unravell  Hex/Alch       10%        3d6       50%         5
 Martyr's Knell           Necr/Summ      4%         N/A       80%         4
 Passage of Golubria      Tloc           4%         N/A       80%         4
 Alistair's Intoxication  Alch           8%         N/A       83%         5
 Freezing Cloud           Conj/Ice/Air   4%         6-21      94%         5
 Curse of Agony           Necr           4%         N/A       98%         5
 Dispersal                Tloc           2%         N/A       100%        6
 Gell's Gavotte           Tloc           2%         2d(12-18) 100%        6


Dungeon Overview and Level Annotations

Branches:
Dungeon (6/15)
 Temple: D:4-7

Altars:
Ashenzari
Cheibriados
Ru
Sif Muna
Vehumet


Innate Abilities, Weirdness & Mutations

You are very small and have problems with some larger weapons.
You are too small for most types of armour.
You have supernaturally acute eyesight. (SInv)
You cover ground extremely quickly. (Speed+++)


Message History

You hit the white imp.
The white imp is moderately wounded.
You closely miss the white imp.
The white imp is moderately wounded.
The white imp gestures at you. The puff of frost hits you!
You hit the white imp.
The white imp is poisoned.
The white imp is heavily wounded.
The white imp hits you but does no damage.
You barely miss the white imp.
The white imp is heavily wounded.
The white imp hits you but does no damage.
You hit the white imp but do no damage.
The white imp is heavily wounded.
Casting: Tukima's Dance (dangerous; 2% risk of failure)
Confirm with . or Enter, or press ? or * to list all spells.
You can't see any susceptible monsters within range! (Use Z to cast anyway.) Unknown command.
Casting: Tukima's Dance (dangerous; 2% risk of failure)
Confirm with . or Enter, or press ? or * to list all spells.
You can't see any susceptible monsters within range! (Use Z to cast anyway.)
The white imp hits you. The white imp freezes you.
Unknown command.
Casting: Tukima's Dance (dangerous; 2% risk of failure)
Confirm with . or Enter, or press ? or * to list all spells.
You can't see any susceptible monsters within range! (Use Z to cast anyway.) Unknown command.
Casting: Tukima's Dance (dangerous; 2% risk of failure)
Confirm with . or Enter, or press ? or * to list all spells.
Okay, then.
Casting: Tukima's Dance (dangerous; 2% risk of failure)
Confirm with . or Enter, or press ? or * to list all spells.
Your hands begin to glow red.
The white imp hits you. The white imp freezes you.
You closely miss the white imp.
The white imp is severely wounded.
The white imp gestures at you. The puff of frost hits you!
You die...
Ru respects your ultimate sacrifice.

#...........#
####.#.#######..
..........# #
#####.###.# .. #.#
#.# .# #.# #.# . ##
##.###>#
#...####.>.##.#####..
#...F5@..............
#...####..!#..######.
## ##.##..# #.##..#
#.##..# #.##..#
........ ####.####
..#


You could see a bullfrog and a white imp (very poisoned).

Vanquished Creatures
  2 bullfrogs
  A scorpion (D:5)
  A gnoll sergeant (D:6)
  A howler monkey (D:3)
  2 hounds (D:5)
  2 jellies
  Natasha (D:3)
  4 iguanas
  2 orc wizards
  3 gnolls
  14 adders
  A shadow imp (D:3)
  3 dart slugs
  2 ribbon worms
  11 orcs
  7 ball pythons
  7 endoplasms
  4 giant cockroaches
  2 goblins
  8 hobgoblins
  5 quokkas
  3 bats
  6 frilled lizards
  8 kobolds
  4 rats
104 creatures vanquished.

Vanquished Creatures (collateral kills)
  An orc priest (D:5)
  5 gnolls
  7 orcs
13 creatures vanquished.

Vanquished Creatures (others)
  9 dancing weapons
9 creatures vanquished.

Grand Total: 126 creatures vanquished

Notes
Turn   | Place    | Note
-------+----------+-------------------------------------------
     0 | D:1      | adelrune the Spriggan Enchanter began the quest for the
                  | Orb.
     0 | D:1      | Reached XP level 1. HP: 9/9 MP: 5/5
   138 | D:1      | Reached XP level 2. HP: 13/13 MP: 6/6
   523 | D:2      | You fall into a shaft and drop 2 floors!
   618 | D:3      | Reached skill level 5 in Stealth
   618 | D:3      | Reached XP level 3. HP: 16/16 MP: 8/8
   624 | D:3      | Learned a level 2 spell: Ensorcelled Hibernation
   628 | D:3      | Learned a level 3 spell: Tukima's Dance
   823 | D:3      | Reached skill level 5 in Hexes
   823 | D:3      | Reached XP level 4. HP: 13/21 MP: 9/9
  1483 | D:3      | Reached XP level 5. HP: 24/24 MP: 7/10
  1487 | D:3      | Learned a level 3 spell: Confusing Touch
  1703 | D:3      | Found a broken altar of Ashenzari.
  1707 | D:3      | Found a shimmering blue altar of Sif Muna.
  1707 | D:3      | Found a snail-covered altar of Cheibriados.
  1715 | D:3      | Found a sacrificial altar of Ru.
  1719 | D:3      | Became a worshipper of Ru the Awakened
  1868 | D:3      | Noticed Natasha
  1870 | D:3      | Killed Natasha
  2591 | D:3      | Reached XP level 6. HP: 17/28 MP: 11/11
  2832 | D:4      | Found a radiant altar of Vehumet.
  2946 | D:5      | Entered Level 5 of the Dungeon
  3165 | D:5      | Learned a level 3 spell: Mephitic Cloud
  3435 | D:5      | Reached XP level 7. HP: 32/32 MP: 8/13
  3630 | D:5      | Reached skill level 1 in Alchemy
  4040 | D:5      | Reached skill level 1 in Air Magic
  4298 | D:5      | Reached skill level 1 in Conjurations
  4493 | D:5      | Upgraded the game from 0.32-a0-996-gb3226c233f to
                  | 0.32-a0-999-gfa1cc04b1d
  5091 | D:6      | Killed from afar by a white imp

Illustrated notes

Levels and vault maps discovered:
D:1:      onia_arrival_pyramid, layout_rooms
D:2:      layout_rooms
D:3:      layout_basic, minitemple, kennysheep_generic_room_16, uniq_natasha
D:4:      layout_rooms, mainiacjoe_overflow_small_starburst,
          gup_sewer_entry_bowl
D:5:      layout_rooms, hangedman_decor_clover_reticule,
          nicolae_houndstooth_variations
D:6:      layout_loops_ring, serial_glass, glass_columns_c, glass_columns_a,
          glass_columns_a, glass_columns_a, glass_columns_a, feat_on_display,
          uniq_edmund

Skill      XL: |  1  2  3  4  5  6  7 |
---------------+----------------------+-----
Hexes          | 4 5 6 7 |  7.0
Stealth        | 5 6 7 |  7.7
Short Blades   | 2 3 4 |  4.4
Spellcasting   | 3 4 |  4.2
Alchemy        | 2 |  2.1
Air Magic      | 1 |  1.7
Conjurations   | 1 |  1.4
Dodging        | |  2.6

Action                     |  1- 3 |  4- 6 |  7- 9 || total
---------------------------+-------+-------+-------++-------
  Melee: Dagger            |    79 |   184 |    48 ||   311
   Cast: Ensorcelled Hiber |       |    12 |    17 ||    29
         Tukima's Dance    |       |    12 |    23 ||    35
         Confusing Touch   |       |       |     2 ||     2
 Invoke: Reject Sacrifices |       |     1 |       ||     1
    Use: Potion            |       |       |     1 ||     1
   Stab: Sleeping          |     5 |    24 |     9 ||    38
         Distracted        |       |     2 |     1 ||     3
 Armour: Robe              |    21 |    55 |    32 ||   108
  Dodge: Dodged            |    52 |   114 |    24 ||   190

Table legend: (Time is in decaauts)
 A = Elapsed time spent in this place.
 B = Non-inter-level travel time spent in this place.
 C = Inter-level travel time spent in this place.
 D = Time resting spent in this place.
 E = Time spent auto-exploring this place.
 F = Levels seen in this place.
 G = Mean time per level.
                   A        B        C        D        E       F      G
               +--------+--------+--------+--------+--------+-----+--------+
         Total |   3744 |   3681 |     63 |    913 |   1756 |   6 |  624.0 |
       Dungeon |   3744 |   3681 |     63 |    913 |   1756 |   6 |  624.0 |
               +--------+--------+--------+--------+--------+-----+--------+

Top non-repeatable levels by time:
     D:5: 1136 daAuts
     D:3: 1001 daAuts
     D:4: 553 daAuts
     D:6: 439 daAuts
     D:1: 323 daAuts
     D:2: 290 daAuts
